 Dungeon Crawl Stone Soup version 0.17-a0-1447-g3d113ad (webtiles) character file.

317 ztt the Skirmisher (level 6, -3/66 HPs)
             Began as an Ogre Fighter on June 29, 2015.
             Slain by an ogre
             ... wielding a +0 giant club
              (27 damage)
             ... on level 4 of the Dungeon.
             The game lasted 00:05:10 (2846 turns).

ztt the Skirmisher (Ogre Fighter)                   Turns: 2846, Time: 00:05:11

Health: -3/66      AC:  3    Str: 24    XL:     6   Next: 44%
Magic:  6/6        EV:  9    Int:  7    God:
Gold:   212        SH:  9    Dex:  9    Spells: 0 memorised, 5 levels left

rFire  . . .     SeeInvis .     m - +0 mace
rCold  . . .     Clarity  .     q - +0 robe (curse)
rNeg   . . .     SustAt   .     t - +0 shield (curse)
rPois  .         Gourm    .     (helmet restricted)
rElec  .         Spirit   .     (no cloak)
rCorr  .         Warding  .     (gloves unavailable)
rMut   .         Stasis   .     (boots unavailable)
MR     .....                    (no amulet)
Stlth  +.........               (no ring)
                                (no ring)

@: not resistant to hostile enchantments, very unstealthy
A: unfitting armour, tough skin 1
a: no special abilities


You were on level 4 of the Dungeon.
You were hungry.

You visited 1 branch of the dungeon, and saw 4 of its levels.

You collected 212 gold pieces.

Inventory:

Hand weapons
 m - a +0 mace (weapon)
Armour
 b - a +1 robe
 c - a +0 shield
 q - a cursed +0 robe (worn)
 t - a cursed +0 shield (worn)
Magical devices
 i - a wand of confusion (32)
Scrolls
 j - a scroll of enchant weapon
 r - a scroll of fear
 u - a scroll of random uselessness {unknown}
 v - a scroll of noise {unknown}
Potions
 a - a potion of degeneration {unknown}
 d - a potion of might
 f - 2 potions of cancellation {unknown}
 g - 3 potions of curing
 h - a potion of resistance {unknown}
 k - a potion of haste {unknown}
 o - a potion of lignification {unknown}
 s - a potion of mutation {unknown}
Comestibles
 e - a bread ration
 l - a slice of pizza
 n - 2 meat rations
 p - a beef jerky


   Skills:
 + Level 5.5 Fighting
 + Level 4.3 Maces & Flails
 + Level 4.2 Dodging
 + Level 1.0 Stealth
 + Level 3.9 Shields


You had 5 spell levels left.
You didn't know any spells.

Dungeon Overview and Level Annotations

Branches:
Dungeon (4/15)
 Temple: D:4-7

Altars:


Innate Abilities, Weirdness & Mutations

You are too large for most types of armour.
You have tough skin (AC +1).


Message History

You hit the hound.
The hound is almost dead.
You block the hound's attack. The hound bites you.
You sock the hound!
You kill the hound!
No target in view!
Found 18 stones.
An ogre comes into view. It is wielding a giant club.
An ogre is nearby!
An ogre is nearby!
An ogre is nearby!
The ogre shouts!
The ogre hits you with a giant club!!
You thump the ogre!
The ogre is moderately wounded.
The ogre barely misses you.
You hit the ogre.
The ogre is heavily wounded.
The ogre hits you with a giant club!!
You die...

#..##...##....###
#.....##........ #
#..)##...#.....
#....##...#....#.#
#.##........#..#.#
#. ##.###..##....#
#.###.####......<#
#........##.##.#.#
#..##@##.##.##.#.#
#..##O##.##.##.#..
#........(.........
##.##.##.#.#.#......
#.##....(# #....##.
###.......#.# ####
#......#### .#
#.###### # #.#


You could see an ogre.

Vanquished Creatures
  The ghost of Duffy the Sneak, an average DgAs (D:3)
  A hound (D:4)
  Ijyb (D:3)
  Jessica (D:2)
  A hound skeleton (D:4)
  5 adders
  2 oozes
  An adder skeleton (D:4)
  3 worms
  5 giant geckos
  2 orcs (D:3)
  2 ball pythons
  3 giant cockroaches
  5 hobgoblins
  7 jackals
  2 quokkas (D:2)
  4 bats
  3 giant newts
  11 goblins
  14 kobolds
  3 rats
77 creatures vanquished.

Notes
Turn   | Place    | Note
--------------------------------------------------------------
     0 | D:1      | ztt the Ogre Fighter began the quest for the Orb.
     0 | D:1      | Reached XP level 1. HP: 24/24 MP: 1/1
    94 | D:1      | Reached XP level 2. HP: 24/32 MP: 2/2
   542 | D:1      | Reached XP level 3. HP: 39/39 MP: 3/3
   813 | D:2      | Noticed Jessica
   821 | D:2      | Killed Jessica
   828 | D:2      | Reached XP level 4. HP: 28/49 MP: 4/4
   858 | D:2      | Found a faded altar to an unknown god.
  1653 | D:3      | Noticed Ijyb
  1661 | D:3      | Killed Ijyb
  1661 | D:3      | Reached skill level 5 in Fighting
  1661 | D:3      | Reached XP level 5. HP: 54/57 MP: 5/5
  1845 | D:3      | Noticed Duffy's ghost (average DgAs)
  1872 | D:3      | Killed Duffy's ghost
  1872 | D:3      | Reached XP level 6. HP: 35/66 MP: 6/6
  2524 | D:4      | Reached skill level 1 in Stealth
  2846 | D:4      | Slain by an ogre

Vault maps used:
D:1:      scummos_arrival_simple_crosswalls, amethyst_killhole
D:2:      ecumenical_altar_1, minmay_misc_feat_tiny, minivault_24, uniq_jessica
D:3:      uniq_iyjb
D:4:      minmay_curled_crystal, st_stairs_13, hangedman_decor_peaks_small,
          uniq_duvessa

Action                   |  1- 3 |  4- 6 || total
-------------------------+-------+-------++-------
Melee: Flail             |    84 |   118 ||   202
       Mace              |       |    80 ||    80
  Use: Scroll            |       |     8 ||     8
       Potion            |       |     1 ||     1
 Stab: Sleeping          |     1 |       ||     1
  Eat: Chunk             |       |     6 ||     6
